 Dungeon Crawl Stone Soup version 0.29.0-4-gdea44cf6ec (webtiles) character file.

Game seed: 72004924722613476

140 qw the Caller (level 5, 0/44 HPs)
             Began as a Ghoul Summoner on Sept 9, 2022.
             Slain by a gnoll
             ... wielding a +0 whip
              (2 damage)
             ... on level 3 of the Dungeon.
             The game lasted 00:01:27 (3490 turns).

qw the Caller (Ghoul Summoner)                      Turns: 3490, Time: 00:01:27

Health: 0/44       AC:  8    Str: 14    XL:     5   Next: 23%
Magic:  6/6        EV:  4    Int: 10    God:
Gold:   162        SH:  7    Dex:  9    Spells: 6/7 levels left

rFire   . . .      SeeInvis .   Y - +0 hand axe (vorpal)
rCold   + . .      Faith    .   h - +0 kite shield
rNeg    + + +      Spirit   .   e - +0 chain mail
rPois   inf        Reflect  .   (no helmet)
rElec   .          Harm     .   (no cloak)
rCorr   .          Rampage  .   (no gloves)
Will    .....                   (no boots)
Stlth   ..........              (no amulet)
HPRegen 0.00/turn               (no ring)
MPRegen 0.10/turn               (no ring)

@: inhibited regen
A: claws 1, cold resistance 1, negative energy resistance 3, inhibited
regeneration, torment resistance 2, devour on kill
a: no special abilities


You were on level 3 of the Dungeon.
You visited 1 branch of the dungeon, and saw 3 of its levels.

You collected 162 gold pieces.


Innate Abilities, Weirdness & Mutations

You are immune to poison.
You have sharp fingernails.
Your flesh is cold resistant. (rC+)
You are immune to negative energy. (rN+++)
You do not regenerate when monsters are visible.
You are immune to unholy pain and torment.
You thrive by killing the living.


   Skills:
 - Level 2.8 Fighting
 + Level 2.4 Axes
 - Level 1.7 Dodging
 - Level 2.1 Stealth
 - Level 2.0 Shields
 - Level 1.7 Spellcasting
 - Level 3.6 Summonings


You had 6 spell levels left.
You knew the following spells:

 Your Spells              Type           Power      Damage    Failure   Level
a - Summon Small Mammal   Summ           32%        N/A       100%        1

Your spell library contained the following spells:

 Spells                   Type           Power      Damage    Failure   Level
 Call Imp                 Summ           8%         N/A       100%        2
 Call Canine Familiar     Summ           8%         N/A       100%        3
 Summon Guardian Golem    Hex/Summ       4%         N/A       100%        3
 Summon Lightning Spire   Summ/Air       4%         N/A       100%        4

Inventory:

Hand Weapons
 b - a +0 morningstar
 Y - a +0 vorpal hand axe (weapon)
Armour
 e - a +0 chain mail (worn)
 h - a +0 kite shield (worn)
Scrolls
 k - 2 scrolls of identify
 l - 2 scrolls of teleportation {unknown}
 o - a scroll of torment {unknown}
Potions
 a - 2 potions of curing {unknown}
 c - 2 potions of haste
 d - 2 potions of lignification {unknown}
 f - a potion of attraction {unknown}
 g - a potion of brilliance {unknown}
 i - a potion of ambrosia {unknown}
 j - a potion of flight {unknown}
 m - a potion of might

Dungeon Overview and Level Annotations

Branches:
Dungeon (3/15)

Altars:
Cheibriados
Yredelemnul


Message History

The gnoll hits you with a +0 whip.
You barely miss the gnoll.
The gnoll is almost dead.
You hit the gnoll. You hit the gnoll but do no damage.
You block the gnoll's attack. The gnoll hits you with a +0 halberd.
The gnoll hits you with a +0 whip.
You hit the gnoll.
You kill the gnoll!
You feel better.
You closely miss the gnoll. You barely miss the gnoll.
The gnoll hits you with a +0 whip. You block the gnoll's attack.
The gnoll hits you with a +0 whip.
You closely miss the gnoll.
The gnoll is severely wounded.
You hit the gnoll but do no damage. You barely miss the gnoll.
You block the gnoll's attack.
The gnoll hits you but does no damage. x2
You hit the gnoll but do no damage.
The gnoll is severely wounded.
You hit the gnoll but do no damage. You closely miss the gnoll.
The gnoll completely misses you. You block the gnoll's attack.
The gnoll hits you with a +0 whip.
You barely miss the gnoll.
The gnoll is severely wounded.
You hit the gnoll. x2
The gnoll hits you with a +0 whip. The gnoll hits you but does no damage.
The gnoll hits you with a +0 whip! The gnoll hits you but does no damage.
You block the gnoll's attack. The gnoll barely misses you.
You barely miss the gnoll.
The gnoll is severely wounded.
You hit the gnoll. You hit the gnoll but do no damage.
The gnoll hits you but does no damage. You block the gnoll's attack.
The gnoll hits you with a +0 whip.
You closely miss the gnoll.
The gnoll is severely wounded.
You barely miss the gnoll. You hit the gnoll.
You block the gnoll's attack. x2; The gnoll hits you with a +0 whip.
You closely miss the gnoll.
The gnoll is almost dead.
You hit the gnoll. You closely miss the gnoll.
The gnoll hits you with a +0 whip.
You die...

......#........###...#####...#
......##.#.....##..### #####
..................##
.......#...#....###
.#####...#.###..# )#
##.........# .# ##........####
.######..##.....gg.##
..........##....@g..#
................##....#
...........#....# ...#
#...(.........### ###
#....>.....##..#
..........####.## ....<.....#
#..### #.:.....)(# ##...##
#.........# ###..#


You could see 3 gnolls.

Vanquished Creatures
  An orc priest (D:3)
  A gnoll (D:3)
  3 adders
  A worm (D:3)
  2 dart slugs (D:1)
  3 orcs (D:3)
  4 ball pythons
  2 endoplasms
  A giant cockroach (D:3)
  8 goblins
  9 hobgoblins
  A jackal (D:2)
  3 kobolds
  4 quokkas
  5 bats
  6 rats
54 creatures vanquished.

Vanquished Creatures (collateral kills)
  A ball python (D:1)
  A hobgoblin (D:1)
  A frilled lizard (D:1)
  2 rats (D:1)
5 creatures vanquished.

Grand Total: 59 creatures vanquished

Notes
Turn   | Place    | Note
-------+----------+-------------------------------------------
     0 | D:1      | qw the Ghoul Summoner began the quest for the Orb.
     0 | D:1      | Reached XP level 1. HP: 14/14 MP: 2/2
     0 | D:1      | 0 ||| qw: Version: 0.1-a-113-g051387a
     0 | D:1      | 0 ||| qw: Game counter: 7023
     0 | D:1      | 0 ||| qw: Always use a shield: true
     0 | D:1      | 0 ||| qw: God list: Okawaru
     0 | D:1      | 0 ||| qw: Allow faded altars: false
     0 | D:1      | 0 ||| qw: Do Orc after D:15 true
     0 | D:1      | 0 ||| qw: Do second Lair branch before Depths: true
     0 | D:1      | 0 ||| qw: Lair rune preference: random
     0 | D:1      | 0 ||| qw: Plans: Normal
     0 | D:1      | 0 ||| PLANNING D:1-11
    10 | D:1      | 10 ||| Wielding weapon +0 short sword.
    61 | D:1      | 61 ||| CASTING Summon Small Mammal
    62 | D:1      | 62 ||| CASTING Summon Small Mammal
   115 | D:1      | 115 ||| SWAPPING to +0 whip.
   116 | D:1      | 116 ||| DROPPING +0 short sword.
   162 | D:1      | 162 ||| CASTING Summon Small Mammal
   163 | D:1      | 163 ||| CASTING Summon Small Mammal
   213 | D:1      | 213 ||| CASTING Summon Small Mammal
   214 | D:1      | 214 ||| CASTING Summon Small Mammal
   267 | D:1      | 267 ||| SWAPPING to +0 rapier.
   268 | D:1      | 268 ||| DROPPING +0 whip.
   315 | D:1      | 315 ||| CASTING Summon Small Mammal
   316 | D:1      | 316 ||| CASTING Summon Small Mammal
   326 | D:1      | Reached skill level 1 in Axes
   360 | D:1      | 360 ||| CASTING Summon Small Mammal
   361 | D:1      | 361 ||| CASTING Summon Small Mammal
   369 | D:1      | Reached XP level 2. HP: 21/22 MP: 0/3
   425 | D:1      | 425 ||| CASTING Summon Small Mammal
   426 | D:1      | 426 ||| CASTING Summon Small Mammal
   427 | D:1      | 427 ||| CASTING Summon Small Mammal
   437 | D:1      | Reached skill level 1 in Fighting
   513 | D:1      | 513 ||| CASTING Summon Small Mammal
   514 | D:1      | 514 ||| CASTING Summon Small Mammal
   515 | D:1      | 515 ||| CASTING Summon Small Mammal
   571 | D:1      | 571 ||| CASTING Summon Small Mammal
   572 | D:1      | 572 ||| CASTING Summon Small Mammal
   573 | D:1      | 573 ||| CASTING Summon Small Mammal
   625 | D:1      | 625 ||| CASTING Summon Small Mammal
   626 | D:1      | 626 ||| CASTING Summon Small Mammal
   627 | D:1      | 627 ||| CASTING Summon Small Mammal
   671 | D:1      | 671 ||| CASTING Summon Small Mammal
   672 | D:1      | 672 ||| CASTING Summon Small Mammal
   673 | D:1      | 673 ||| CASTING Summon Small Mammal
   683 | D:1      | 683 ||| CASTING Summon Small Mammal
   751 | D:1      | 751 ||| CASTING Summon Small Mammal
   752 | D:1      | 752 ||| CASTING Summon Small Mammal
   753 | D:1      | 753 ||| CASTING Summon Small Mammal
   762 | D:1      | 762 ||| CASTING Summon Small Mammal
   770 | D:1      | HP: 5/23 [constriction (1)]
  1056 | D:1      | 1056 ||| SWAPPING to +0 hand axe.
  1057 | D:1      | 1057 ||| DROPPING +0 rapier.
  1060 | D:1      | 1060 ||| CASTING Summon Small Mammal
  1061 | D:1      | 1061 ||| Stepping ~*~*~tactically~*~*~ (water).
  1097 | D:1      | 1097 ||| CASTING Summon Small Mammal
  1098 | D:1      | 1098 ||| CASTING Summon Small Mammal
  1099 | D:1      | 1099 ||| CASTING Summon Small Mammal
  1136 | D:1      | 1136 ||| CASTING Summon Small Mammal
  1137 | D:1      | 1137 ||| CASTING Summon Small Mammal
  1138 | D:1      | 1138 ||| CASTING Summon Small Mammal
  1296 | D:1      | 1296 ||| CASTING Summon Small Mammal
  1297 | D:1      | 1297 ||| CASTING Summon Small Mammal
  1298 | D:1      | 1298 ||| CASTING Summon Small Mammal
  1306 | D:1      | Reached XP level 3. HP: 28/28 MP: 0/4
  1620 | D:1      | 1620 ||| UPGRADING to +0 chain mail.
  1630 | D:1      | 1630 ||| DROPPING +0 robe.
  1631 | D:1      | 1631 ||| UPGRADING to +0 kite shield.
  1636 | D:1      | 1636 ||| DROPPING amulet of magic regeneration.
  1637 | D:1      | 1637 ||| READING 2 scrolls labelled YLA LUPLO PURGH.
  1638 | D:1      | 1638 ||| READING scroll labelled ARAERE ITRAWK.
  1639 | D:1      | 1639 ||| READING scroll labelled ZEIGILAWUS.
  1640 | D:1      | 1640 ||| DRINKING 2 dark potions.
  1641 | D:1      | 1641 ||| DRINKING 2 metallic red potions.
  1642 | D:1      | 1642 ||| DROPPING potion of magic.
  1668 | D:2      | Found a faded altar of an unknown god.
  1753 | D:2      | Found a basalt altar of Yredelemnul.
  1784 | D:2      | 1784 ||| Stepping ~*~*~tactically~*~*~ (stealth).
  1813 | D:2      | Reached skill level 1 in Shields
  2317 | D:2      | Reached XP level 4. HP: 35/35 MP: 5/5
  2471 | D:2      | 2471 ||| READING scroll labelled CAEMOFI YFAS.
  2524 | D:3      | 2524 ||| PLANNING SEWER
  2684 | D:3      | 2684 ||| Stepping ~*~*~tactically~*~*~ (stealth).
  2686 | D:3      | 2686 ||| Stepping ~*~*~tactically~*~*~ (stealth).
  2901 | D:3      | 2901 ||| Stepping ~*~*~tactically~*~*~ (stealth).
  2903 | D:3      | 2903 ||| Stepping ~*~*~tactically~*~*~ (hiding).
  2904 | D:3      | 2904 ||| Stepping ~*~*~tactically~*~*~ (stealth).
  2914 | D:3      | Reached XP level 5. HP: 14/44 MP: 6/6
  3144 | D:3      | 3144 ||| DROPPING +0 club.
  3149 | D:3      | 3149 ||| DROPPING +0 flail.
  3161 | D:3      | 3161 ||| RIP SEWER
  3163 | D:3      | 3163 ||| PLANNING D:1-11
  3255 | D:3      | Found Wesapiso's Weapon Emporium.
  3340 | D:3      | Found a faded altar of an unknown god.
  3344 | D:3      | Found a snail-covered altar of Cheibriados.
  3487 | D:3      | HP: 11/44 [gnoll/+0 whip (3)]
  3487 | D:3      | HP: 4/44 [gnoll/+0 whip (7)]
  3490 | D:3      | Slain by a gnoll

Levels and vault maps discovered:
D:1:      dpeg_arrival_ternary, layout_loops_ring, fountainhead,
          bh_walls_and_bars
D:2:      minmay_door_path, layout_rooms, basic_ecumenical_altar, basic_altar
D:3:      layout_rooms, nicolae_overflow_ecumenical_swirl,
          cheibrodos_sewer_entry_sluice, serial_shops, nicolae_shop_crystal,
          grunt_decor_fettered

Skill      XL: |  1  2  3  4 |
---------------+-------------+-----
Axes           | 1 2 |  2.4
Fighting       | 1 2 |  2.8
Shields        | 1 2 |  2.0
Dodging        | |  1.7
Stealth        | |  2.1
Spellcasting   | |  1.7
Summonings     | |  3.6

Action                   |  1- 3 |  4- 6 || total
-------------------------+-------+-------++-------
Melee: Rapier            |    30 |       ||    30
       Whip              |     3 |       ||     3
       Short sword       |     1 |       ||     1
       Hand axe          |    76 |    97 ||   173
 Cast: Summon Small Mamm |    35 |       ||    35
  Use: Scroll            |     3 |     1 ||     4
       Potion            |     2 |       ||     2
 Stab: Sleeping          |     1 |       ||     1
       Distracted        |     1 |       ||     1
Armor: Robe              |     9 |       ||     9
       Chain mail        |    57 |    50 ||   107
Dodge: Dodged            |    45 |    20 ||    65
Block: Kite shield       |    25 |    37 ||    62

Table legend:
 A = Non-vault XP
 B = Vault XP
 C = Vault XP percentage of total XP
 D = Non-vault monster count
 E = Vault monster count
 F = Vault count percentage of total count
                 A         B        C        D         E       F
            +---------+---------+-------+---------+---------+-------
      Total |     185 |      16 |   8.0 |      52 |       7 |  11.9
            +---------+---------+-------+---------+---------+-------
        D:1 |      34 |       0 |   0.0 |      19 |       0 |   0.0
        D:2 |      53 |       8 |  13.1 |      17 |       4 |  19.0
        D:3 |      98 |       8 |   7.5 |      16 |       3 |  15.8
            +---------+---------+-------+---------+---------+-------
